 Dungeon Sprint DCSS version 0.29-a0-857-g9b1aa3ac5b (webtiles) character file.

Game seed: 18190795698344343576

513 manyhoops the Carver (level 7, -1/65 (67) HPs)
             Began as a Human Berserker on July 16, 2022.
             Was a Believer of Trog.
             Slain by a necrophage (3 damage)
             ... in the Dungeon (Sprint II: "The Violet Keep of Menkaure").
             The game lasted 00:00:26 (92 turns).

manyhoops the Carver (Human Berserker)                Turns: 92, Time: 00:00:26

HP:   -1/65 (67)    AC:  2    Str: 20    XL:     7   Next: 43%
MP:   7/7           EV: 12    Int:  7    God:    Trog [**....]
Gold: 243           SH:  0    Dex: 12    Spells: 6/6 levels left

rFire   . . .      SeeInvis .   a - +0 falchion
rCold   . . .      Faith    .   (no shield)
rNeg    . . .      Spirit   .   b - +0 animal skin
rPois   .          Reflect  .   (no helmet)
rElec   .          Harm     .   (no cloak)
rCorr   .          Rampage  .   (no gloves)
Will    .....      NoTele   +   (no boots)
Stlth   +.........              (no amulet)
HPRegen 0.20/turn               (no ring)
MPRegen 0.10/turn               (no ring)

@: on berserk cooldown, slowed, lightly drained, very slow
A: no striking features
a: Renounce Religion, Berserk, Trog's Hand


You were in the Dungeon.
You worshipped Trog.
Trog was pleased with you.
You visited 1 branch You collected 243 gold pieces.

Inventory:

Hand Weapons
 a - a +0 falchion (weapon)
Armour
 b - a +0 animal skin (worn)
Scrolls
 h - a scroll of blinking
Potions
 c - a potion of curing
 f - 2 potions of magic
 g - a potion of berserk rage


   Skills:
 + Level 10.7 Fighting
 + Level 11.4 Long Blades
 - Level 2.0 Armour
 - Level 2.0 Dodging


You had 6 spell levels left.
You didn't know any spells.
Your spell library was empty.

Dungeon Overview and Level Annotations

Branches:
Dungeon (1/1)

Altars:


Message History

The necrophage is heavily damaged.
You hit the necrophage.
The necrophage is heavily damaged.
The necrophage barely misses you.
You slash the necrophage!
The necrophage is severely damaged.
You barely miss the necrophage.
The necrophage is severely damaged.
The necrophage misses you.
You slash the necrophage!
You destroy the necrophage!
Trog accepts your kill. The necrophage hits you.
* * * LOW HITPOINT WARNING * * *
You feel drained.
There is an open door here.
You see here a necrophage corpse.
You closely miss the necrophage.
You are no longer berserk.
You are exhausted.
You feel yourself slow down. The necrophage hits you.
* * * LOW HITPOINT WARNING * * *
You slash the necrophage!
The necrophage is moderately damaged.
The necrophage closely misses you.
You hit the necrophage.
The necrophage is moderately damaged.
The necrophage completely misses you.
You slash the necrophage!
The necrophage is heavily damaged.
The necrophage hits you.
* * * LOW HITPOINT WARNING * * *
You hit the necrophage.
The necrophage is severely damaged.
The necrophage hits you.
* * * LOW HITPOINT WARNING * * *
You slash the necrophage!
The necrophage is almost destroyed.
The necrophage hits you.
You die...

##+##
##...##
#.)#..#
## #...#
##.###'##
#...##.##
#n@.<.+
#...##.##
##.# #+#
##


You could see a necrophage.

Vanquished Creatures
  A merfolk siren (D)
  3 necrophages (D)
4 creatures vanquished.

Notes
Turn   | Place    | Note
-------+----------+-------------------------------------------
     0 | D        | manyhoops the Human Berserker began the quest for the Orb.
     0 | D        | Reached XP level 1. HP: 18/18 MP: 1/1
     1 | D        | Noticed a merfolk siren
    43 | D        | Killed a merfolk siren
    44 | D        | Reached skill level 10 in Long Blades
    44 | D        | Reached XP level 2. HP: 18/34 MP: 2/2
    44 | D        | Reached XP level 3. HP: 22/40 MP: 3/3
    44 | D        | Reached XP level 4. HP: 25/46 MP: 4/4
    44 | D        | Reached XP level 5. HP: 28/52 MP: 5/5
    44 | D        | Reached XP level 6. HP: 32/59 MP: 6/6
    70 | D        | Reached ** piety under Trog
    71 | D        | Reached skill level 10 in Fighting
    71 | D        | Reached XP level 7. HP: 28/66 MP: 7/7
    81 | D        | Reached skill level 11 in Long Blades
    91 | D        | HP: 1/65 [necrophage (3)]
    92 | D        | Slain by a necrophage

Illustrated notes

Levels and vault maps discovered:
D:        the_violet_keep_of_menkaure [sprint2_stairs_cluster_1,
          sprint2_shoproom, sprint2_temple, sprint2_basic_supplies,
          sprint2_obstacle_7, sprint2_obstacle_5, sprint2_obstacle_1,
          sprint2_obstacle_2, sprint2_obstacle_3, sprint2_timed_cluster_1,
          sprint2_smallroom_cluster_1, sprint2_smallroom_final_cluster_1,
          sprint2_transparent_cluster_1, sprint2_second_timed_cluster_1,
          sprint2_sniper_area_1, sprint2_heavy_combat_area_1,
          sprint2_mutation_trap_area_1, sprint2_forest_area_1,
          sprint2_light_combat_area_1, sprint2_behind_water_1,
          sprint2_near_end_vault_1]

Skill      XL: |  1  2  3  4  5  6  7 |
---------------+----------------------+-----
Fighting       | 9 10 | 10.7
Long Blades    | 10 11 | 11.4
Armour         | |  2.0
Dodging        | |  2.0

Action                   |  1- 3 |  4- 6 |  7- 9 || total
-------------------------+-------+-------+-------++-------
Melee: Falchion          |    38 |    18 |    21 ||    77
       Punch             |     2 |       |       ||     2
Invok: Berserk           |       |     1 |       ||     1
  Use: Potion            |     2 |       |       ||     2
Armor: Animal skin       |       |     3 |     1 ||     4
Dodge: Dodged            |     1 |     6 |     4 ||    11

Table legend: (Time is in decaauts)
 A = Elapsed time spent in this place.
 B = Non-inter-level travel time spent in this place.
 C = Inter-level travel time spent in this place.
 D = Time resting spent in this place.
 E = Time spent auto-exploring this place.
 F = Levels seen in this place.
 G = Mean time per level.
                   A        B        C        D        E       F      G
               +--------+--------+--------+--------+--------+-----+--------+
         Total |     65 |     65 |      0 |      0 |      1 |   1 |   65.0 |
       Dungeon |     65 |     65 |      0 |      0 |      1 |   1 |   65.0 |
               +--------+--------+--------+--------+--------+-----+--------+

Top non-repeatable levels by time:
       D: 65 daAuts
